 Dungeon Crawl Stone Soup version 0.29.1-1-gd02db6906a (webtiles) character file.

Game seed: 2154693111365007344

48841 nessiah the Severer (level 14, -15/135 HPs)
             Began as a Minotaur Berserker on Sept 19, 2022.
             Was a Priest of Trog.
             Demolished by a skeletal warrior
             ... wielding a +0 dire flail
              (20 damage)
             ... on level 14 of the Dungeon.
             The game lasted 00:59:08 (17086 turns).

nessiah the Severer (Minotaur Berserker)           Turns: 17086, Time: 00:59:09

Health: -15/135    AC: 24    Str: 22    XL:     14   Next: 13%
Magic:  13/13      EV:  8    Int:  4    God:    Trog [***...]
Gold:   453        SH:  6    Dex: 10    Spells: 13/13 levels left

rFire   . . .      SeeInvis +   L - +6 hand axe of World's End {vamp, rElec rC+ Str-5}
rCold   + . .      Faith    +   T - +2 buckler
rNeg    . . .      Spirit   .   E - +2 plate armour
rPois   .          Reflect  .   (helmet restricted)
rElec   +          Harm     .   s - +0 cloak
rCorr   +          Rampage  .   (no gloves)
Will    +++..                   w - +2 pair of boots
Stlth   ..........              e - amulet of faith
HPRegen 1.32/turn               K - ring of see invisible
MPRegen 0.13/turn               A - ring of resist corrosion

@: strong-willed (expiring), on berserk cooldown, regenerating (expiring),
slowed, very slow
A: horns 2, retaliatory headbutt
a: Renounce Religion, Berserk, Trog's Hand


You were on level 14 of the Dungeon.
You worshipped Trog.
Trog was most pleased with you.
You visited 1 branch of the dungeon, and saw 15 of its levels.

You collected 939 gold pieces.
You spent 486 gold pieces at shops.

Inventory:

Hand Weapons
 a - a +2 arbalest of freezing
 B - a +9 battleaxe
 L - the +6 hand axe of World's End (weapon) {vamp, rElec rC+ Str-5}
   (You found it on level 11 of the Dungeon)

   It occasionally heals its wielder for a portion of the damage dealt when it
   wounds a living foe.
   Str:       It affects your strength (-5).
   rC:        It protects you from cold.
   rElec:     It insulates you from electricity.
 U - a +0 battleaxe
 W - a +3 broad axe
 Y - a +5 battleaxe of freezing
Missiles
 c - 2 throwing nets
 h - 51 poisoned darts
 m - a curare-tipped dart
 t - 3 silver javelins (quivered)
 u - 8 atropa-tipped darts
Armour
 s - a +0 cloak (worn)
 w - a +2 pair of boots (worn)
 E - a +2 plate armour (worn)
 J - a +0 pair of boots
 O - a scarf of resistance
 Q - a +0 plate armour
 R - a +0 plate armour
 T - a +2 buckler (worn)
Jewellery
 e - an amulet of faith (around neck)
 f - a ring of poison resistance
 A - a ring of resist corrosion (right hand)
 D - a +4 ring of evasion
 K - a ring of see invisible (left hand)
Wands
 x - a wand of mindburst (13)
 F - a wand of roots (3)
 N - a wand of digging (4)
Scrolls
 b - a scroll of fear
 i - 7 scrolls of teleportation
 j - a scroll of identify
 n - 4 scrolls of butterflies
 y - 2 scrolls of blinking
 G - 2 scrolls of magic mapping
 I - a scroll of summoning
Potions
 d - 2 potions of cancellation {unknown}
 g - 2 potions of resistance {unknown}
 k - a potion of haste
 l - 3 potions of brilliance
 o - 2 potions of curing
 p - 6 potions of flight
 q - 8 potions of lignification
 r - 3 potions of heal wounds
 v - 4 potions of berserk rage
 z - 2 potions of mutation {unknown}
 C - a potion of magic {unknown}
 P - a potion of ambrosia {unknown}
Miscellaneous
 H - a lightning rod (4/4)


   Skills:
 + Level 15.0 Fighting
 + Level 20.0 Axes
 + Level 15.0 Armour
 + Level 5.0 Dodging
 + Level 2.2 Stealth
 + Level 2.0 Shields


You had 13 spell levels left.
You didn't know any spells.
Your spell library was empty.

Dungeon Overview and Level Annotations

Branches:
Dungeon (15/15)            Temple (0/1) D:6            Lair (0/5) D:8
    Orc (0/2) D:9          Vaults (0/5) D:13         Depths (0/4) D:15

Altars:
Cheibriados
Elyvilon
Kikubaaqudgha
Okawaru
Trog
Zin

Shops:
D:3 (   D:9 =   D:14 *   D:15 (

Annotations:
D:13 3 runed translucent doors, Dittersdorf's ghost, journeyman MiBe


Innate Abilities, Weirdness & Mutations

You have a pair of horns on your head.
You reflexively headbutt those who attack you in melee.


Message History

You hit the skeletal warrior but do no damage.
The skeletal warrior is moderately damaged.
You barely miss the skeletal warrior.
The skeletal warrior hits you but does no damage.
The skeletal warrior hits you with a +0 mace!
* * * LOW HITPOINT WARNING * * *
Unknown command.
You closely miss the skeletal warrior.
The skeletal warrior is moderately damaged.
You hit the skeletal warrior.
The skeletal warrior closely misses you.
You furiously retaliate!
You headbutt the skeletal warrior! The skeletal warrior barely misses you.
You barely miss the skeletal warrior.
You headbutt the skeletal warrior, but do no damage.
The skeletal warrior is moderately damaged.
You hit the skeletal warrior but do no damage.
The skeletal warrior hits you with a +0 dire flail!
* * * LOW HITPOINT WARNING * * *
You block the skeletal warrior's attack.
You hit the skeletal warrior but do no damage.
The skeletal warrior is heavily damaged.
You hit the skeletal warrior but do no damage.
The skeletal warrior hits you but does no damage.
The skeletal warrior hits you with a +0 mace!
* * * LOW HITPOINT WARNING * * *
You slash the skeletal warrior!
The skeletal warrior is severely damaged.
You slash the skeletal warrior!
The skeletal warrior hits you but does no damage. x2
You hit the skeletal warrior.
The skeletal warrior is severely damaged.
You barely miss the skeletal warrior.
You feel the effects of Trog's Hand fading.
You block the skeletal warrior's attack. x2
You slash the skeletal warrior!
The skeletal warrior is almost destroyed.
You closely miss the skeletal warrior.
The skeletal warrior hits you with a +0 dire flail!!
You die...

##..## ##.#####
####..........##.....<#
##............##.###.#
#..............### #.#
............... ###
...............
...............
.....÷...?.....
......†@.......
......z†z...÷..
...............
...............
...............
########
............... ####
.#.##..#
#.............. #..#
##.###.#
##..).........######..#
#.# #.# #.......#


You could see 2 skeletal warriors.

Vanquished Creatures
  A sphinx (D:15)
  A frost giant (D:15)
  Nessos (D:13)
  A yaktaur captain (D:15)
  7 boulder beetles
  A hydra (D:12)
  Fannar (D:11)
  5 vault guards (D:13)
  4 centaur warriors
  A death knight (D:15)
  A deep elf knight (D:13)
  4 skeletal warriors
  A golden dragon zombie (D:15)
  A storm dragon skeleton (D:15)
  2 phantasmal warriors (D:15)
  A wizard (D:13)
  A necromancer (D:15)
  3 deep elf pyromancers
  4 cyclopes
  3 manticores
  An orc sorcerer (D:13)
  20 ugly things
  12 slime creatures
  Joseph (D:7)
  5 gargoyles
  4 kobold demonologists
  Maggie (D:7)
  A freezing wraith (D:15)
  A yaktaur (shapeshifter) (D:14)
  3 trolls
  A meliai (shapeshifter) (D:15)
  A shadow (D:12)
  5 wyverns
  3 yaks (D:10)
  A basilisk (D:12)
  5 vampire mosquitoes
  Menkaure (D:5)
  A steam dragon (D:9)
  A human zombie (D:15)
  An acid dragon (D:13)
  6 water moccasins
  5 orc warriors
  2 black bears
  6 ice beasts
  4 wolves (D:8)
  4 ogres
  18 centaurs
  6 kobold brigands
  Blork the orc (D:5)
  2 bullfrogs
  A gnoll sergeant (D:10)
  4 scorpions
  13 wights
  An electric eel (D:6)
  6 howler monkeys
  7 jellies
  2 hounds (D:6)
  5 orc priests
  Ijyb (D:5)
  6 iguanas
  Natasha (thrice) (D:3)
  6 orc wizards
  3 gnolls (D:10)
  7 adders
  A river rat (D:14)
  3 shadow imps
  A white imp (D:5)
  4 worms
  3 dart slugs
  29 orcs
  7 bats
  4 endoplasms
  4 giant cockroaches
  11 goblins
  7 hobgoblins
  2 jackals (D:3)
  3 quokkas
  3 ball pythons
  2 frilled lizards (D:2)
  36 kobolds
  13 kobold skeletons (D:8)
  5 kobold zombies (D:8)
  4 rats
374 creatures vanquished.

Vanquished Creatures (collateral kills)
  A yaktaur (D:13)
  3 orc priests (D:9)
  An orc wizard (D:9)
  7 orcs (D:9)
12 creatures vanquished.

Vanquished Creatures (others)
  An unseen horror (D:13)
  5 plants (D:8)
  6 withered plants (D:15)
12 creatures vanquished.

Grand Total: 398 creatures vanquished

Notes
Turn   | Place    | Note
-------+----------+-------------------------------------------
     0 | D:1      | nessiah the Minotaur Berserker began the quest for the Orb.
     0 | D:1      | Reached XP level 1. HP: 19/19 MP: 0/0
    78 | D:1      | Reached XP level 2. HP: 25/27 MP: 1/1
    88 | D:1      | Reached skill level 4 in Axes
   531 | D:1      | Found a faded altar of an unknown god.
  1266 | D:2      | Reached XP level 3. HP: 33/33 MP: 2/2
  1297 | D:2      | Reached ** piety under Trog
  1795 | D:3      | Noticed Natasha
  1800 | D:3      | Killed Natasha
  1801 | D:3      | Reached XP level 4. HP: 41/41 MP: 3/3
  1994 | D:3      | Noticed Natasha
  2001 | D:3      | Killed Natasha
  2217 | D:3      | Found Hotagas's Antique Weapon Shop.
  2401 | D:3      | Reached skill level 5 in Axes
  2496 | D:3      | Noticed Natasha
  2503 | D:3      | Killed Natasha
  2504 | D:3      | Reached XP level 5. HP: 47/47 MP: 4/4
  2903 | D:4      | Reached skill level 5 in Fighting
  3183 | D:4      | Reached XP level 6. HP: 56/56 MP: 5/5
  3199 | D:4      | Reached skill level 6 in Axes
  3201 | D:4      | Found a white marble altar of Elyvilon.
  3418 | D:4      | Identified the +1 robe "Icetrez" {rPois SInv}
  3588 | D:5      | Entered Level 5 of the Dungeon
  3599 | D:5      | Found a snail-covered altar of Cheibriados.
  3599 | D:5      | Noticed Blork the orc
  3613 | D:5      | Killed Blork the orc
  3700 | D:5      | Reached skill level 1 in Stealth
  3758 | D:5      | Noticed an ice beast
  3759 | D:5      | Noticed an ice beast
  3767 | D:5      | Reached skill level 7 in Axes
  3767 | D:5      | Reached skill level 5 in Armour
  3767 | D:5      | Reached XP level 7. HP: 61/61 MP: 6/6
  3867 | D:5      | Noticed Menkaure
  3871 | D:5      | Killed Menkaure
  3872 | D:5      | Reached skill level 8 in Axes
  3996 | D:5      | Noticed Ijyb
  4004 | D:5      | Killed Ijyb
  4005 | D:5      | Reached XP level 8. HP: 70/70 MP: 7/7
  4461 | D:6      | Reached skill level 9 in Axes
  4524 | D:6      | Found a glowing silver altar of Zin.
  4845 | D:6      | Reached skill level 10 in Axes
  4870 | D:6      | Reached XP level 9. HP: 21/71 MP: 8/8
  5236 | D:6      | Found a staircase to the Ecumenical Temple.
  6079 | D:7      | Reached skill level 11 in Axes
  6229 | D:7      | Noticed Joseph
  6238 | D:7      | Killed Joseph
  6356 | D:7      | Noticed Maggie
  6362 | D:7      | Killed Maggie
  6709 | D:7      | Reached skill level 12 in Axes
  6967 | D:8      | Found a staircase to the Lair.
  6974 | D:8      | Reached XP level 10. HP: 90/90 MP: 9/9
  7112 | D:8      | Reached skill level 13 in Axes
  7367 | D:8      | Noticed a boulder beetle
  7392 | D:8      | Killed a boulder beetle
  7393 | D:8      | Reached skill level 10 in Armour
  7594 | D:8      | Reached skill level 14 in Axes
  7606 | D:8      | Reached *** piety under Trog
  7646 | D:8      | Found an ancient bone altar of Kikubaaqudgha.
  8001 | D:8      | Found a bloodstained altar of Trog.
  8061 | D:8      | Reached **** piety under Trog
  8732 | D:9      | Found a staircase to the Orcish Mines.
  9096 | D:9      | Found Toisy's Jewellery Shop.
  9167 | D:10     | Entered Level 10 of the Dungeon
  9173 | D:10     | Reached XP level 11. HP: 99/99 MP: 10/10
  9194 | D:10     | Reached skill level 10 in Fighting
  9194 | D:10     | Reached skill level 15 in Axes
  9621 | D:11     | Noticed a boulder beetle
  9630 | D:11     | Killed a boulder beetle
  9666 | D:11     | You fall into a shaft and drop 2 floors!
  9727 | D:13     | Noticed a brown ugly thing
  9737 | D:13     | Killed a brown ugly thing
 10104 | D:11     | Reached skill level 16 in Axes
 10183 | D:11     | Identified the +6 hand axe of World's End {vamp, rElec rC+
                  | Str-5}
 10192 | D:11     | Noticed Fannar
 10205 | D:11     | Killed Fannar
 10253 | D:11     | Noticed a boulder beetle
 10285 | D:11     | Killed a boulder beetle
 10977 | D:12     | Reached XP level 12. HP: 88/110 MP: 11/11
 11418 | D:12     | Noticed a five-headed hydra
 11429 | D:12     | Killed a ten-headed hydra
 11430 | D:12     | Reached skill level 17 in Axes
 11789 | D:12     | Noticed a boulder beetle
 11794 | D:12     | Killed a boulder beetle
 11832 | D:12     | Found a glowing silver altar of Zin.
 11944 | D:13     | Noticed a centaur warrior
 11954 | D:13     | Killed a centaur warrior
 11964 | D:13     | Noticed a centaur warrior
 12634 | D:13     | Found a runed translucent gate.
 12920 | D:13     | Found a runed translucent gate.
 12920 | D:13     | Noticed a centaur warrior
 12920 | D:13     | Noticed Dittersdorf's ghost (journeyman MiBe)
 12921 | D:13     | Found a runed translucent gate.
 12921 | D:13     | Noticed a merfolk javelineer
 12921 | D:13     | Noticed a centaur warrior
 13126 | D:13     | Noticed a vault guard
 13132 | D:13     | Killed a vault guard
 13135 | D:13     | Reached skill level 18 in Axes
 13141 | D:13     | Noticed Nessos
 13180 | D:13     | Killed Nessos
 13197 | D:13     | Killed a centaur warrior
 13287 | D:13     | Noticed a vault guard
 13296 | D:13     | Killed a vault guard
 13302 | D:13     | Noticed a vault guard
 13303 | D:13     | Noticed a vault guard
 13306 | D:13     | Noticed a vault guard
 13649 | D:13     | Reached XP level 13. HP: 38/122 MP: 12/12
 13867 | D:13     | Found a gate to the Vaults.
 14441 | D:13     | Found an iron altar of Okawaru.
 14753 | D:14     | Reached skill level 19 in Axes
 15718 | D:14     | Found Orowufuv's Assorted Antiques.
 15724 | D:14     | Bought a scroll of identify for 72 gold pieces
 15724 | D:14     | Bought a glowing war axe for 234 gold pieces
 15724 | D:14     | Bought a potion of heal wounds for 180 gold pieces
 15881 | D:15     | Entered Level 15 of the Dungeon
 15938 | D:15     | Reached skill level 1 in Shields
 16084 | D:15     | Noticed a frost giant
 16084 | D:15     | Noticed a sphinx
 16097 | D:15     | Killed a frost giant
 16100 | D:15     | Paralysed by a sphinx for 5 turns
 16110 | D:15     | Killed a sphinx
 16403 | D:15     | Found Oschem's Weapon Emporium.
 16732 | D:15     | Reached XP level 14. HP: 133/133 MP: 13/13
 16902 | D:15     | Reached skill level 15 in Fighting
 16902 | D:15     | Reached skill level 5 in Dodging
 16950 | D:15     | Reached skill level 20 in Axes
 16950 | D:15     | Reached skill level 15 in Armour
 17051 | D:15     | Found a staircase to the Depths.
 17083 | D:14     | HP: 1/135 [skeletal warrior/+0 mace (11)]
 17086 | D:14     | Demolished by a skeletal warrior

Illustrated notes

Levels and vault maps discovered:
D:1:      elethiomel_arrival_infinity_welcomes_careful_drivers, layout_basic,
          chequers_ecumenical_altar_simple
D:2:      layout_loops_ring
D:3:      layout_basic, serial_shops, nicolae_shop_hallway_plus, uniq_natasha
D:4:      layout_loops_ring, elyvilon_altar_1,
          nicolae_concentric_dashed_squares_wild
D:5:      minmay_general_purpose_star, layout_cave_pools, slow_altar_1,
          uniq_ijyb, uniq_menkaure, uniq_blork_the_orc
D:6:      layout_cave_pods, old_standard_altar,
          minmay_temple_entry_purple_smoke, minmay_crystal_water,
          grunt_ministairs_2, minmay_liquid_box
D:7:      layout_gridville, uniq_maggie, uniq_joseph
D:8:      wander_kiku_kobolds, layout_loops_corners, lemuel_doored_altar,
          minmay_lair_entry_grove, enter_bailey_5, grunt_ogre_cave
D:9:      layout_long_grid, minmay_orc_entry_temple_large, serial_shops,
          kennysheep_mini_moat
D:10:     layout_rooms, due_unseen_surprise
D:11:     layout_rooms, uniq_fannar
D:12:     layout_rooms, zin_scriptorium
D:13:     layout_basic, grunt_vaults_entry_fortified,
          gammafunk_ghost_fury_of_okawaru, uniq_nessos
D:14:     kennysheep_tiny_hell, layout_loops_ring, serial_shops,
          nicolae_shop_overgrown_old_shop, chequers_serial_rivers_micro_c
D:15:     gammafunk_depths_entry_grave, layout_irregular_city, serial_shops,
          shop, amcnicky_mini_pool_small, minmay_radiant

Skill      XL: |  1  2  3  4  5  6  7  8  9 10 11 12 13 14 |
---------------+-------------------------------------------+-----
Fighting       | 4 5 6 7 8 9 11 13 14 15 | 15.0
Axes           | 4 5 7 8 10 12 14 16 18 19 20 | 20.0
Armour         | 3 4 5 7 9 10 11 13 14 15 | 15.0
Stealth        | 1 2 |  2.2
Dodging        | 3 4 5 |  5.0
Shields        | 1 2 |  2.0

Action                   |  1- 3 |  4- 6 |  7- 9 | 10-12 | 13-15 || total
-------------------------+-------+-------+-------+-------+-------++-------
Melee: Hand axe          |    59 |   101 |   118 |       |   151 ||   429
       Headbutt          |     9 |    24 |    33 |    67 |    68 ||   201
       Punch             |     1 |     1 |       |       |       ||     2
       Battleaxe         |       |       |    50 |   354 |   105 ||   509
Invok: Berserk           |     1 |     6 |     9 |    18 |     9 ||    43
       Trog's Hand       |       |     4 |    15 |    30 |    12 ||    61
       Brothers in Arms  |       |       |       |     2 |       ||     2
  Use: Scroll            |       |     4 |    10 |    14 |     4 ||    32
       Potion            |       |       |       |     6 |     3 ||     9
 Stab: Distracted        |       |       |       |       |     1 ||     1
Armor: Animal skin       |     5 |       |       |       |       ||     5
       Chain mail        |    30 |    46 |    93 |     5 |       ||   174
       Plate armour      |       |       |       |   260 |   141 ||   401
Dodge: Dodged            |    35 |    36 |    70 |   179 |    71 ||   391
Block: Buckler           |       |       |       |       |    30 ||    30
